Unix NetHack Version 5.0.0-0 post-release - last build May 31 2026 23:59:36 (970b52f25bf058293b47ddfd14a1e40e571c508c,branch:main).

Game began 2026-06-07 12:04:31, ended 2026-06-07 12:14:55.

Jobair, lawful female dwarven Archeologist

   ------      -----
   |....|      |...|
   |....|    ##.S.%-#                                                  -------
   |....|    # -.---##                               ------------      |.....|
   |.....#   #       #                               |..........|    ##-....<|
   |....|#  ##       ###                             |..........|    # |.....|
   |....|####          #                          ###-..........|    # |.....|
   ---.--  ##          ###                           --------.---    # |.....|
      #     #            #                                   #      ## -------
      #                  ##                                  #     ##
      #      ---+------   ###                ##              #    ##
      #      |....$...|     ##              0#####           #    #
      #     #|........|      ##               #  ###         #    #
 -----.- ####|@.....*.|       #    -----------|----#        -.----#
 |.....| #  #d........|       ##   |..............|#########...^.-#
 |..%..-##   ----------        ####...........[...|         |....|
 |....^|                           |..............|         |....|
 |.....|                           ----------------         |....|
 -------                                                    ------

Jobair the Field Worker    St:12 Dx:9 Co:13 In:16 Wi:16 Ch:10  Lawful
Dlvl:4  $:29 HP:0(34) Pw:22(22) AC:9  Xp:4 T:1501 

Latest messages:
 You miss the homunculus.
 The homunculus bites!
 You miss the homunculus.
 The homunculus bites!
 You lash the homunculus.
 The homunculus bites!
 You miss the homunculus.
 The homunculus bites!
 You are put to sleep by the homunculus!
 The homunculus bites!
 The homunculus bites!
 The homunculus bites!
 The homunculus bites!
 You wake up.
 You hear some noises.
 Godzilla misses the homunculus.
 Godzilla bites the homunculus.
 The homunculus bites Godzilla.
 You kill the homunculus!
 You see here a homunculus corpse.
 Godzilla doesn't seem to move!
 You see here a homunculus corpse.
 You feel tough!
 You must have been leading a healthy life-style.
 Godzilla misses the rothe.
 Godzilla misses the rothe.
 You miss the rothe.
 The rothe hits!
 The rothe just misses!
 The rothe bites!
 Godzilla bites the rothe.
 The rothe misses Godzilla.
 The rothe misses Godzilla.
 The rothe bites Godzilla.
 You miss the rothe.
 Godzilla misses the rothe.
 You kill the rothe!
 Godzilla eats a rothe corpse.
 You swap places with Godzilla.
 You see here a homunculus corpse.
 You swap places with Godzilla.
 You see here a rock.
 A trap door in the ceiling opens and a rock falls on your head!
 Your fedora does not protect you.
 You die...
 Do you want your possessions identified? [ynq] (y) y
 Do you want to see your attributes? [ynq] (y) y
 Do you want an account of creatures vanquished? [ynaq] (y) y
 Do you want to see your conduct and achievements? [ynq] (y) y
 Do you want to see the dungeon overview? [ynq] (y) y

Inventory:
 Coins    ('$')
  $ - 29 gold pieces
 Weapons  (')')
  m - a cursed -1 elven dagger
  v - a +0 orcish dagger
  a - a +2 bullwhip (weapon in right hand)
 Armor    ('[')
  c - an uncursed +0 fedora (being worn)
  h - an uncursed +0 leather jacket (being worn)
 Comestibles  ('%')
  r - an uncursed cram ration
  d - 5 uncursed food rations
  n - 2 uncursed tripe rations
  s - 2 uncursed tripe rations
  u - an uncursed egg
  k - an uncursed lichen corpse
 Scrolls  ('?')
  l - an uncursed scroll of create monster
  q - an uncursed scroll of destroy armor
 Potions  ('!')
  o - a cursed potion of enlightenment
  t - an uncursed potion of fruit juice
  j - a cursed potion of gain energy
 Tools    ('(')
  b - an uncursed sack containing 1 item
  w - an uncursed credit card
  p - an uncursed mirror
  i - an uncursed tin whistle
  f - a tinning kit (0:45)
 Gems/Stones  ('*')
  g - an uncursed touchstone

Contents of the sack:
  a +0 pick-axe

Jobair the Archeologist's attributes:

Background:
 You were a Field Worker, a level 4 female dwarven Archeologist.
 You were lawful, nominally on a mission for Quetzalcoatl
 who was opposed by Camaxtli (neutral) and Huhetotl (chaotic).
 You were right-handed.
 You were in the Dungeons of Doom, on level 4.
 You entered the dungeon 1501 turns ago.
 You had 98 experience points, 62 more were needed to attain level 5.

Basics:
 You had 0 out of 34 hit points.
 You had all 22 energy points (spell power).
 Your armor class was 9.
 Your wallet contained 29 zorkmids.
 Autopickup was off.

Final Characteristics:
 Your strength was 12 (limit:18/100).
 Your dexterity was 9 (limit:20).
 Your constitution was 13 (limit:20).
 Your intelligence was 16 (limit:16).
 Your wisdom was 16 (limit:16).
 Your charisma was 10 (limit:16).

Final Status:
 You weren't hungry.
 You were unencumbered.
 You were wielding a whip.
 You had basic skill with whip.

Final Attributes:
 You were devoutly aligned.
 You had automatic searching.
 You had infravision.
 You were lucky.
 You are dead.

Miscellaneous:
 You didn't encounter any bones levels.
 Total elapsed playing time was 10 minutes and 23 seconds.

Major events:
 Turn
    1: Jobair the lawful female dwarven Archeologist entered the dungeon
  719: entered the Gnomish Mines
  907: attained the rank of Field Worker (level 3)
 1501: killed by a falling rock

You didn't know any spells.

Skills:
 Fighting Skills
   bare handed combat [Unskilled]
   two weapon combat  [Unskilled]
   riding             [Unskilled]
 Weapon Skills
   dagger             [Unskilled]
   knife              [Unskilled]
   pick-axe           [Basic]
   short sword        [Unskilled]
   saber              [Unskilled]
   club               [Unskilled]
   quarterstaff       [Unskilled]
   sling              [Unskilled]
   dart               [Unskilled]
   boomerang          [Unskilled]
   whip               [Basic]
   unicorn horn       [Unskilled]
 Spellcasting Skills
   attack spells      [Unskilled]
   healing spells     [Unskilled]
   divination spells  [Unskilled]
   matter spells      [Unskilled]

Voluntary challenges:
 Character rerolling was not enabled.
 You were an atheist.
 You never genocided any monsters.
 You never polymorphed an object.
 You never changed form.
 You used no wishes.
Achievements:
 You entered the Gnomish Mines.
 You attained the rank of Field Worker.
 You entered a shop.

 The Dungeons of Doom: levels 1 to 4
    Level 1:
    Level 2:
       A fountain.
    Level 3:
       A food shop, a fountain.
       Stairs down to The Gnomish Mines.
    Level 4: <- You were here.
       Final resting place for
          you, killed by a falling rock.
 The Gnomish Mines:
    Level 4:


Vanquished creatures:
  a shrieker
  2 homunculi
  a rothe
  2 acid blobs
  a coyote
  a hobbit
  a large kobold
  a hobgoblin
  3 giant rats
  a gnome
  3 geckos
  a jackal
  2 goblins
  2 sewer rats
  2 grid bugs
  a bat
  4 lichens
  a newt
30 creatures vanquished.

No species were genocided or became extinct.

Game over:
                       ----------
                      /          \
                     /    REST    \
                    /      IN      \
                   /     PEACE      \
                  /                  \
                  |      Jobair      |
                  |      29 Au       |
                  |   killed by a    |
                  |   falling rock   |
                  |                  |
                  |                  |
                  |       2026       |
                 *|     *  *  *      | *
        _________)/\\_//(\/(/\)/\//\/|_)_______

Goodbye Jobair the Archeologist...

You died in The Dungeons of Doom on dungeon level 4 with 569 points,
and 29 pieces of gold, after 1501 moves.
You were level 4 with a maximum of 34 hit points when you died.

